Workbook
Name JULIA: #REF!
Name NOMBRE: #REF!
Name NOMBRE: #REF!
Name ORS: #REF!
Name Región: '[1]Criterios - No tocar'!$B$1:$K$1
Name Trimestre: '[1]Criterios - No tocar'!$M$2:$M$6

Sheet DEUDA X SUPLIDOR
A1: SERVICIO NACIONAL DE SALUD
A2: DIRECCION DE FISCALIZACION Y CONTROL
A3: COMPROMISO DE DEUDAS 2025
B5: ESTABLECIMIENTO: HOSPITAL YRENE FERNANDEZ
A7: NO | B7: NOMBRES PROVEEDOR | C7: RNC | D7: CONCEPTO DE COMPRA ( BREVE DESCRIPCION ) | E7: FUENTE DE FINANCIAMIENTO | F7: MONTO AÑOS ANTERIORES | G7: MONTO ENE-DIC 2025 | H7: TOTAL ADEUDADO
A8: 1 | B8: ALMANZAR ESTEVEZ | C8: 102319197 | D8: PRODUCTOS QUIMICOS | E8: FR-VS | G8: 186439.32 | H8: =SUM(F8:G8) -> 186439.32
A9: 2 | B9: ALEXANDER ANTIGUA | C9: 05401478820 | D9: MANTENIMIENTO SILLONES ODONTOLOGIA | E9: VS | G9: 19304.8 | H9: =SUM(F9:G9) -> 19304.8
A10: 3 | B10: BERNARDO RODRIGUEZ | C10: 03600061398 | D10: FLETE A SUPLIDORA LEOPEÑA | E10: VS | G10: 3340 | H10: =SUM(F10:G10) -> 3340
A11: 4 | B11: CRUZ AYALA | C11: 101140496 | D11: PRODUCTOS QUIMICOS | E11: FR-VS | G11: 39472.5 | H11: =SUM(F11:G11) -> 39472.5
A12: 5 | B12: ENMANUEL BATISTA | C12: 03500197599 | D12: DOS CAMIONES DE AGUA CISTERNA | E12: VS | G12: 5112 | H12: =SUM(F12:G12) -> 5112
A13: 6 | B13: ONLINE PLANET CC | C13: 130221642 | D13: ALIMENTOS, PRODUCTOS AGRICOLAS, PAPEL, PLASTICOS, LIMPIEZA, OFICINA, COCINA Y ELECTRODOMESTICOS | E13: FR-VS | G13: 84129.38 | H13: =SUM(F13:G13) -> 84129.38
A14: 7 | B14: STRONICS | C14: 131510452 | D14: RENTA PROGRAMA DEL LABORATORIO | E14: VS | G14: 8000 | H14: =SUM(F14:G14) -> 8000
A15: 8 | B15: THE BEST GAS | C15: 130064369 | D15: GAS PROPANO | E15: FR-VS | G15: 10290 | H15: =SUM(F15:G15) -> 10290
A16: 9 | B16: SUPLIDORA LEOPEÑA | C16: 102333981 | D16: MATERIALES DE OFICINA | E16: FR-VS | G16: 17038.12 | H16: =SUM(F16:G16) -> 17038.12
A17: TOTAL GENERAL | F17: =SUM(F8:F16) -> 0 | G17: =SUM(G8:G16) -> 373126.12 | H17: =SUM(H8:H16) -> 373126.12
B23: PREPARADO POR: | D23: REVISADO POR:
B26: ENC. DE CONTABILIDAD | D26: ADMINISTRADOR | G26: DIRECTOR GENERAL

Sheet DEUDA X PERIODO
A1: ESTABLECIMIENTO: HOSPITAL YRENE FERNANDEZ
A2: Reporte clasificacion de deuda por proveedor y por periodos.
A3: No. | B3: ESTABLECIMIENTOS | C3: PERIODOS
C4: ≤2014 | D4: 2015-2019 | E4: 2020 | F4: 2021 | G4: 2022 | H4: 2023 | I4: 2024 | J4: 2025 | K4: TOTAL
A5: 1 | B5: ALMANZAR ESTEVEZ | J5: ='DEUDA X SUPLIDOR'!G8 -> 186439.32 | K5: =SUM(C5:J5) -> 186439.32
A6: 2 | B6: ALEXANDER ANTIGUA | J6: ='DEUDA X SUPLIDOR'!G9 -> 19304.8 | K6: =SUM(C6:J6) -> 19304.8
A7: 3 | B7: BERNARDO RODRIGUEZ | J7: ='DEUDA X SUPLIDOR'!G10 -> 3340 | K7: =SUM(C7:J7) -> 3340
A8: 4 | B8: CRUZ AYALA | J8: ='DEUDA X SUPLIDOR'!G11 -> 39472.5 | K8: =SUM(C8:J8) -> 39472.5
A9: 5 | B9: ENMANUEL BATISTA | J9: ='DEUDA X SUPLIDOR'!G12 -> 5112 | K9: =SUM(C9:J9) -> 5112
A10: 6 | B10: ONLINE PLANET CC | J10: ='DEUDA X SUPLIDOR'!G13 -> 84129.38 | K10: =SUM(C10:J10) -> 84129.38
A11: 7 | B11: STRONICS | J11: ='DEUDA X SUPLIDOR'!G14 -> 8000 | K11: =SUM(C11:J11) -> 8000
A12: 8 | B12: THE BEST GAS | J12: ='DEUDA X SUPLIDOR'!G15 -> 10290 | K12: =SUM(C12:J12) -> 10290
A13: 9 | B13: SUPLIDORA LEOPEÑA | J13: ='DEUDA X SUPLIDOR'!G16 -> 17038.12 | K13: =SUM(C13:J13) -> 17038.12
A14: Total General | C14: =SUM(C5:C13) -> 0 | D14: =SUM(D5:D13) -> 0 | E14: =SUM(E5:E13) -> 0 | F14: =SUM(F5:F13) -> 0 | G14: =SUM(G5:G13) -> 0 | H14: =SUM(H5:H13) -> 0 | I14: =SUM(I5:I13) -> 0 | J14: =SUM(J5:J13) -> 373126.12 | K14: =SUM(K5:K13) -> 373126.12
B19: CERTIFICO CORRECTO:
B21: __________________________ | F21: ENC. DE CONTABILIDAD:__________________________
B22: DIRECTOR
B25: _______________________
B26: ADMINISTRADOR

Sheet DEUDA X FACTURA
A3: Republica Dominicana
A4: SERVICIO NACIONAL DE SALUD
A5: DETALLE DE DEUDAS PENDIENTE DE PAGO AL CIERRE DEL MES DE NOVIEMBRE 2025
A6: ESTABLECIMIENTO: HOSPITAL YRENE FERNANDEZ
A7: Fecha | B7: NO. ORDEN COMPRA | C7: No. De Factura (NCF) | D7: RNC | E7: NOMBRES PROVEEDOR | F7: CONCEPTO | G7: Valor
A8: 45968 | B8: 9573 | C8: E450000000025 | D8: 102319197 | E8: ALMANZAR ESTEVEZ | F8: PRODUCTOS QUIMICOS | G8: 9415.2
A9: 45975 | B9: 9578 | C9: E450000000042 | D9: 102319197 | E9: ALMANZAR ESTEVEZ | F9: PRODUCTOS QUIMICOS | G9: 177024.12
A10: 45692 | B10: 504 | C10: B1500000110 | D10: 05401478820 | E10: ALEXANDER ANTIGUA | F10: MANTENIMIENTO SILLONES ODONTOLOGIA | G10: 19304.8
A11: 45987 | B11: 608 | C11: B1100000384 | D11: 03600061398 | E11: BERNARDO RODRIGUEZ | F11: FLETE A SUPLIDORA LEOPEÑA | G11: 3340
A12: 45978 | B12: 9579 | C12: E450000001570 | D12: 101140496 | E12: CRUZ AYALA | F12: PRODUCTOS QUIMICOS | G12: 37938.5
A13: 45987 | B13: 9589 | C13: E450000001598 | D13: 101140496 | E13: CRUZ AYALA | F13: UTILES MENORES MEDICOS | G13: 1534
A14: 45967 | B14: 602 | C14: B1100000383 | D14: 03500197599 | E14: ENMANUEL BATISTA | F14: DOS CAMIONES DE AGUA CISTERNA | G14: 5112
A15: 45937 | B15: 9539 | C15: B1500007251 | D15: 130221642 | E15: ONLINE PLANET CC | F15: PRODUCTOS DE PLASTICOS, LIMPIEZA Y COCINA | G15: 20513.29
A16: 45944 | B16: 9548 | C16: B1500007258 | D16: 130221642 | E16: ONLINE PLANET CC | F16: ELECTRODOMESTICOS | G16: 3869.99
A17: 45965 | B17: 9570 | C17: B1500007343 | D17: 130221642 | E17: ONLINE PLANET CC | F17: PRODUCTOS DE LIMPIEZA | G17: 424.99
A18: 45974 | B18: 9575 | C18: E450000000430 | D18: 130221642 | E18: ONLINE PLANET CC | F18: PRODUCTOS DE PAPEL, PLASTICOS Y LIMPIEZA | G18: 21471.17
A19: 45979 | B19: 9582 | C19: E450000000418 | D19: 130221642 | E19: ONLINE PLANET CC | F19: PRODUCTOS DE PLASTICOS Y LIMPIEZA | G19: 16069.03
A20: 45979 | B20: 9583 | C20: E450000000419 | D20: 130221642 | E20: ONLINE PLANET CC | F20: PRODUCTOS AGRICOLAS | G20: 5343.44
A21: 45986 | B21: 9586 | C21: E450000000208 | D21: 130221642 | E21: ONLINE PLANET CC | F21: PRODUCTOS DE PLASTICOS, LIMPIEZA Y OFICINA | G21: 2619.88
A22: 45986 | B22: 9587 | C22: E450000000209 | D22: 130221642 | E22: ONLINE PLANET CC | F22: ALIMENTOS | G22: 7407.25
A23: 45986 | B23: 9589 | C23: E450000000210 | D23: 130221642 | E23: ONLINE PLANET CC | F23: PRODUCTOS AGRICOLAS | G23: 6410.34
A24: 45975 | B24: 603 | C24: B1500001982 | D24: 131510452 | E24: STRONICS | F24: RENTA PROGRAMA DEL LABORATORIO | G24: 8000
A25: 45978 | B25: 9580 | C25: B1500001530 | D25: 102333981 | E25: SUPLIDORA LEOPEÑA | F25: MATERIALES DE OFICINA | G25: 17038.12
A26: 45898 | B26: 9499 | C26: B1500001350 | D26: 130064369 | E26: THE BEST GAS | F26: GAS PROPANO | G26: 3430
... A28: 45986 | B28: 9585 | C28: E450000000002 | D28: 130064369 | E28: THE BEST GAS | F28: GAS PROPANO | G28: 3430
F29: Sub-Total Compras RD$ | G29: =SUM(G8:G28) -> 373126.12
A34: CERTIFICO CORRECTO:
A36: __________________________ | F36: ENC. DE CONTABILIDAD:__________________________
A37: DIRECTOR
A40: __________________________
A41: ADMINISTRADOR

Sheet DEUDA POR ANTIGUEDAD
A2: Relación de Cuentas por Pagar por Antigüedad de Saldo al 30 de Noviembre 2025
A3: ESTABLECIMIENTO: HOSPITAL YRENE FERNANDEZ | D3: SRS: SERVICIO REGIONAL DE SALUD
A4: Nombre | B4: RNC / Cédula | C4: Núm. Factura u otro Documento | D4: Fecha | E4: Monto | F4: 1 a 30 dias | G4: 31 a 60 dias | H4: 61 a 90 dias | I4: 91 a 120 dias | J4: 121 dias y mas
A5: ALMANZAR ESTEVEZ | B5: 102319197 | C5: E450000000025 | D5: 45968 | E5: 9415.2 | F5: =E5 -> 9415.2
A6: ALMANZAR ESTEVEZ | B6: 102319197 | C6: E450000000042 | D6: 45975 | E6: 177024.12 | F6: =E6 -> 177024.12
A7: ALEXANDER ANTIGUA | B7: 05401478820 | C7: B1500000110 | D7: 45692 | E7: 19304.8 | J7: =E7 -> 19304.8
A8: BERNARDO RODRIGUEZ | B8: 03600061398 | C8: B1100000384 | D8: 45987 | E8: 3340 | F8: =E8 -> 3340
A9: CRUZ AYALA | B9: 101140496 | C9: E450000001570 | D9: 45978 | E9: 37938.5 | F9: =E9 -> 37938.5
A10: CRUZ AYALA | B10: 101140496 | C10: E450000001598 | D10: 45987 | E10: 1534 | F10: =E10 -> 1534
A11: ENMANUEL BATISTA | B11: 03500197599 | C11: B1100000383 | D11: 45967 | E11: 5112 | F11: =E11 -> 5112
A12: ONLINE PLANET CC | B12: 130221642 | C12: B1500007251 | D12: 45937 | E12: 20513.29 | G12: =E12 -> 20513.29
A13: ONLINE PLANET CC | B13: 130221642 | C13: B1500007258 | D13: 45944 | E13: 3869.99 | G13: =E13 -> 3869.99
A14: ONLINE PLANET CC | B14: 130221642 | C14: B1500007343 | D14: 45965 | E14: 424.99 | F14: =E14 -> 424.99
A15: ONLINE PLANET CC | B15: 130221642 | C15: E450000000430 | D15: 45974 | E15: 21471.17 | F15: =E15 -> 21471.17
A16: ONLINE PLANET CC | B16: 130221642 | C16: E450000000418 | D16: 45979 | E16: 16069.03 | F16: =E16 -> 16069.03
A17: ONLINE PLANET CC | B17: 130221642 | C17: E450000000419 | D17: 45979 | E17: 5343.44 | F17: =E17 -> 5343.44
A18: ONLINE PLANET CC | B18: 130221642 | C18: E450000000208 | D18: 45986 | E18: 2619.88 | F18: =E18 -> 2619.88
A19: ONLINE PLANET CC | B19: 130221642 | C19: E450000000209 | D19: 45986 | E19: 7407.25 | F19: =E19 -> 7407.25
A20: ONLINE PLANET CC | B20: 130221642 | C20: E450000000210 | D20: 45986 | E20: 6410.34 | F20: =E20 -> 6410.34
A21: STRONICS | B21: 131510452 | C21: B1500001982 | D21: 45975 | E21: 8000 | F21: =E21 -> 8000
A22: SUPLIDORA LEOPEÑA | B22: 102333981 | C22: B1500001530 | D22: 45978 | E22: 17038.12 | F22: =E22 -> 17038.12
A23: THE BEST GAS | B23: 130064369 | C23: B1500001350 | D23: 45898 | E23: 3430 | F23: =E23 -> 3430
A24: THE BEST GAS | B24: 130064369 | C24: E450000000001 | D24: 45980 | E24: 3430 | F24: =E24 -> 3430
A25: THE BEST GAS | B25: 130064369 | C25: E450000000002 | D25: 45986 | E25: 3430 | F25: =E25 -> 3430
D26: TOTAL | E26: =SUM(E5:E25) -> 373126.12 | F26: =SUM(F5:F25) -> 329438.04 | G26: =SUM(G5:G25) -> 24383.28 | H26: =SUM(H5:H25) -> 0 | I26: =SUM(I5:I25) -> 0 | J26: =SUM(J5:J25) -> 19304.8
A30: CERTIFICO CORRECTO:
A32: __________________________ | F32: ENC. DE CONTABILIDAD:__________________________
A33: DIRECTOR
A36: __________________________
A37: ADMINISTRADOR
